cohdb
Replays
Latest Replays
All Replays
Popular Replays
Top Player Replays
Match Explorer
How It Works
Community
CoH3 Stats
Reddit
Sign in to upload your games and track your stats! →
Sign in with Steam
Match 33608983
Unlisted
Match 33608983
Overview
Messages
Build Orders
End
Engineer Squad
Selects Armored Battlegroup
Selects Assault Engineers
Construct Weapon Support Center
Assault Engineer Squad
Bazooka Squad
Assault Engineer Squad
Mechanized Support Center
Construct Medical Station
Assault Engineer Squad
.30 cal Machine Gun
.30 cal Machine Gun
Mortar Pit
Construct Tank Depot
.30 cal Machine Gun
Selects M31 Recovery Vehicle
Selects War Machine
Mortar Pit
M4A1 Sherman Medium Tank
Sniper
Improvised Armor
Mortar Pit
Selects Strength in Steel
Kameho
Serjio Dragonis
BilliBobBillsen
MapSimulatorEnthusiast
UH|ck
UH|XTC
insane
iceman
0
0
Comments
sign in to comment!
No comments posted yet!